 Dungeon Crawl Stone Soup version 0.30-a0-377-g5cb311bc9f (webtiles) character file.

Game seed: 17232939558358897141

2413 lunkers the Grappler (level 10, -2/77 (83) HPs)
             Began as a Meteoran Fighter on Nov 30, 2022.
             Was an Elder of Sif Muna.
             Slain by a wight
             ... wielding a +0 war axe
              (11 damage)
             ... on level 7 of the Dungeon.
             The game lasted 00:11:18 (2550 turns).

lunkers the Grappler (Meteoran Fighter)             Turns: 2550, Time: 00:11:19

HP:   -2/77 (83)    AC: 11    Str: 17    XL:     10   Next: 4%
MP:   11/11         EV: 11    Int: 13    God:    Sif Muna [****..]
Gold: 225           SH:  5    Dex: 16    Spells: 9/9 levels left

rFire   . . .      SeeInvis .      - Unarmed
rCold   . . .      Faith    .    b - +0 buckler
rNeg    . . .      Spirit   .    a - +0 scale mail
rPois   .          Reflect  .    t - +1 helmet
rElec   .          Harm     .    j - +1 cloak {rCorr}
rCorr   +          Rampage  .    (no gloves)
Will    +....                    (no boots)
Stlth   ..........               (no amulet)
HPRegen 0.32/turn                o - ring of wizardry
MPRegen 0.12/turn                (no ring)

@: glowing, drained
A: sense surroundings 2, otherworldly, glowing, explore regen
a: Renounce Religion, Channel Magic, Forget Spell, Divine Exegesis


You were on level 7 of the Dungeon.
You worshipped Sif Muna.
Sif Muna was greatly pleased with you.
You visited 2 branches of the dungeon, and saw 8 of its levels.
You also visited: Sewer.

You collected 225 gold pieces.

Inventory:

Missiles
 e - 9 boomerangs
 h - a curare-tipped dart
 m - 6 poisoned darts
 r - 39 stones
Armour
 a - a +0 scale mail (worn)
 b - a +0 buckler (worn)
 j - a +1 cloak of preservation (worn)
 t - a +1 helmet (worn)
Jewellery
 o - a ring of wizardry (left hand)
 v - an amulet of faith
Scrolls
 d - 2 scrolls of teleportation
 g - a scroll of blinking
 k - a scroll of fog
 n - 2 scrolls of fear
 u - a scroll of enchant armour
Potions
 c - a potion of might
 f - 4 potions of attraction
 i - a potion of resistance {unknown}
 l - a potion of flight
 p - a potion of invisibility
 q - 2 potions of magic {unknown}
 s - 3 potions of mutation
 w - 2 potions of curing
 x - 3 potions of heal wounds {unknown}
 z - a potion of haste {unknown}


   Skills:
 + Level 6.1 Fighting
 - Level 3.6 Armour
 + Level 5.1 Dodging
 - Level 3.6 Shields
 * Level 12.7 Unarmed Combat


You had 9 spell levels left.
You didn't know any spells.
Your spell library contained the following spells:

 Spells                   Type           Power      Damage    Failure   Level
 Inner Flame              Hex/Fire       0%         N/A       82%         3
 Cause Fear               Hex            0%         N/A       99%         4
 Olgreb's Toxic Radiance  Pois           0%         N/A       99%         4
 Iskenderun's Battlesphe  Conj           0%         2d6       100%        5
 Iron Shot                Conj/Erth      0%         9d1       100%        6
 Ozocubu's Refrigeration  Ice            0%         4d7       100%        7
 Spellforged Servitor     Conj/Summ      0%         N/A       100%        7
 Discord                  Hex            0%         N/A       100%        8
 Ignition                 Fire           0%         3d3       100%        8


Dungeon Overview and Level Annotations

Branches:
Dungeon (7/15) Zot: 2091   Temple (1/1) D:4 Zot: 565   Sewer (visited)

Altars:
Cheibriados
Dithmenos
Elyvilon
Fedhas
Gozag
Kikubaaqudgha
Nemelex Xobeh
Okawaru
Ru
Sif Muna
Trog
Uskayaw
Vehumet
Wu Jian
Xom
Zin
The Shining One


Innate Abilities, Weirdness & Mutations

You passively map the area around you.
You are easily found by Zot.
You glow in the dark.
You regain HP and MP as you explore.


Message History

a +2 long sword of freezing; a +0 robe You barely miss the wight.
The wight barely misses you.
You punch the wight!
The wight is severely damaged.
The wight hits you with a +3 spear.
* * * LOW HITPOINT WARNING * * *
You hit the wight but do no damage.
The wight is severely damaged.
The wight hits you with a +3 spear.
* * * LOW HITPOINT WARNING * * *
You hit the wight.
The wight is almost destroyed.
You block the wight's attack.
You closely miss the wight.
The wight is almost destroyed.
You barely miss the wight.
The wight is almost destroyed.
The wight hits you with a +3 spear!
* * * LOW HITPOINT WARNING * * *
You closely miss the wight.
The wight is almost destroyed.
The wight hits you with a +3 spear.
* * * LOW HITPOINT WARNING * * *
You feel drained.
* * * LOW HITPOINT WARNING * * *
You hit the wight.
You destroy the wight!
Sif Muna accepts your kill.
You hit the wight.
The wight is lightly damaged.
The wight hits you but does no damage.
You punch the wight!
The wight is severely damaged.
You block the wight's attack.
You hit the wight but do no damage.
The wight is severely damaged.
You hit the wight.
The wight is severely damaged.
The wight hits you with a +0 war axe!
You die...

,, , , , * , , , , ,
, , , , , + , + *
##+#+#+#+#*
##########.........
#.....@zz'.........,
##.#######.........
#.# #.........,
##.##########+#+#+#
#.............#.# ,
##.#..........#.# ,,
, #.#.########.#.#
,, ,
#.#.#.........<# ..,
#.#.#.##..#.#### ...


You could see 2 wights.

Vanquished Creatures
  A two-headed ogre (D:6)
  Sigmund (D:5)
  A water moccasin (D:4)
  A sky beast (D:6)
  An ogre (D:5)
  An ice beast (D:6)
  4 kobold brigands
  A bullfrog (D:6)
  A necrophage (D:6)
  A scorpion (D:4)
  2 wights (D:7)
  A jelly (D:6)
  A hound (D:6)
  An orc priest (D:2)
  5 iguanas (D:5)
  8 orc wizards
  8 adders
  10 river rats
  A shadow imp (D:5)
  5 worms
  A dart slug (D:2)
  21 orcs
  9 ball pythons
  9 endoplasms
  5 hobgoblins
  5 jackals
  3 quokkas
  5 bats
  4 frilled lizards
  6 goblins
  19 kobolds
  14 rats
156 creatures vanquished.

Notes
Turn   | Place    | Note
-------+----------+-------------------------------------------
     0 | D:1      | lunkers the Meteoran Fighter began the quest for the Orb.
     0 | D:1      | Reached XP level 1. HP: 19/19 MP: 2/2
    61 | D:1      | Reached skill level 3 in Unarmed Combat
    61 | D:1      | Reached XP level 2. HP: 26/26 MP: 3/3
   228 | D:1      | Found a faded altar of an unknown god.
   232 | D:1      | Prayed at the altar of an unknown god.
   232 | D:1      | Became a worshipper of Sif Muna the Loreminder
   232 | D:1      | Reached * piety under Sif Muna
   412 | D:1      | Reached XP level 3. HP: 29/31 MP: 4/4
   426 | D:2      | Reached skill level 4 in Unarmed Combat
   539 | D:2      | Reached XP level 4. HP: 30/38 MP: 5/5
   605 | D:2      | Reached skill level 5 in Unarmed Combat
   608 | D:2      | Reached ** piety under Sif Muna
   612 | D:2      | Reached XP level 5. HP: 30/45 MP: 6/6
   639 | D:3      | HP: 1/45 [something (3)]
   649 | D:3      | Reached skill level 6 in Unarmed Combat
   898 | D:3      | Found a shadowy altar of Dithmenos.
   929 | D:3      | Reached XP level 6. HP: 51/51 MP: 7/7
   945 | D:4      | Found a staircase to the Ecumenical Temple.
   954 | Temple   | Entered the Ecumenical Temple
  1017 | D:4      | Reached skill level 7 in Unarmed Combat
  1044 | D:4      | Noticed a water moccasin
  1066 | D:4      | Killed a water moccasin
  1067 | D:4      | Reached skill level 8 in Unarmed Combat
  1067 | D:4      | Reached XP level 7. HP: 25/57 MP: 8/8
  1266 | D:5      | Entered Level 5 of the Dungeon
  1315 | D:5      | Found a hide-covered altar of Uskayaw.
  1323 | D:5      | Reached skill level 9 in Unarmed Combat
  1330 | D:5      | Noticed Sigmund
  1340 | D:5      | Killed Sigmund
  1341 | D:5      | Reached XP level 8. HP: 55/63 MP: 9/9
  1378 | D:5      | Reached skill level 10 in Unarmed Combat
  1385 | D:5      | Reached *** piety under Sif Muna
  1584 | D:6      | Reached skill level 1 in Dodging
  1674 | D:6      | Noticed a two-headed ogre
  1689 | D:6      | Killed a two-headed ogre
  1690 | D:6      | Reached skill level 5 in Fighting
  1690 | D:6      | Reached skill level 11 in Unarmed Combat
  1690 | D:6      | Gained mutation: You passively map the area around you.
                  | [Meteoran growth]
  1690 | D:6      | Reached XP level 9. HP: 13/74 MP: 10/10
  1718 | D:6      | Reached skill level 12 in Unarmed Combat
  1876 | D:6      | Found a glowing drain.
  1892 | Sewer    | Entered a sewer
  2094 | Sewer    | Reached **** piety under Sif Muna
  2445 | D:6      | Reached XP level 10. HP: 74/82 MP: 11/11
  2538 | D:7      | Reached skill level 5 in Dodging
  2550 | D:7      | Slain by a wight

Illustrated notes

Levels and vault maps discovered:
D:1:      dpeg_arrival_orchard, layout_basic, ebering_ecumenical_altar_box
D:2:      minmay_diamond_boxcup, layout_rooms
D:3:      layout_rooms, mainiacjoe_overflow_tiny_flanked,
          nicolae_dithmenos_through_a_glass_darkly,
          nicolae_overflow_two_pavilions, minmay_misc_feat_cross,
          nicolae_kite_square_tiling_tiny, hangedman_decor_riveting,
          minmay_misc_feat_square, uniq_jessica
D:4:      layout_layer_cave, mainiacjoe_overflow_six_doors_small,
          temple_fountains
D:5:      wad_crossroads, layout_basic, mainiacjoe_overflow_boulevard,
          uniq_ijyb, uniq_sigmund
D:6:      minmay_evil_eye, layout_rooms, lightli_sewer_entry_pipes
D:7:      layout_basic, uniq_prince_ribbit1
Temple:   hellmonk_temple_two_chambers

Skill      XL: |  1  2  3  4  5  6  7  8  9 10 |
---------------+-------------------------------+-----
Unarmed Combat | 3 4 5 6 8 9 11 12 | 12.7
Dodging        | 3 4 5 |  5.1
Fighting       | 5 6 |  6.1
Armour         | |  3.6
Shields        | |  3.6

Action                   |  1- 3 |  4- 6 |  7- 9 | 10-12 || total
-------------------------+-------+-------+-------+-------++-------
Melee: Unarmed           |    81 |   157 |   370 |    18 ||   626
Throw: Stone             |    11 |    12 |       |       ||    23
       Boomerang         |       |     2 |       |       ||     2
       Throwing net      |       |       |     1 |       ||     1
  Use: Potion            |       |     4 |       |       ||     4
       Scroll            |       |     7 |     4 |       ||    11
 Stab: Held in net/web   |       |       |     1 |       ||     1
Armor: Scale mail        |    32 |    86 |   139 |     4 ||   261
Dodge: Dodged            |    23 |    63 |   137 |     2 ||   225
Block: Buckler           |    15 |    45 |    76 |     2 ||   138

Table legend: (Time is in decaauts)
 A = Elapsed time spent in this place.
 B = Non-inter-level travel time spent in this place.
 C = Inter-level travel time spent in this place.
 D = Time resting spent in this place.
 E = Time spent auto-exploring this place.
 F = Levels seen in this place.
 G = Mean time per level.
                   A        B        C        D        E       F      G
               +--------+--------+--------+--------+--------+-----+--------+
         Total |   2531 |   2399 |    132 |      0 |    892 |   9 |  281.2 |
       Dungeon |   2108 |   1976 |    132 |      0 |    863 |   7 |  301.1 |
        Temple |     34 |     34 |      0 |      0 |      0 |   1 |   34.0 |
         Sewer |    388 |    388 |      0 |      0 |     29 |   1 |  388.0 |
               +--------+--------+--------+--------+--------+-----+--------+

Top non-repeatable levels by time:
     D:6: 502 daAuts
     D:1: 417 daAuts
   Sewer: 388 daAuts
     D:3: 335 daAuts
     D:5: 299 daAuts
     D:4: 277 daAuts
     D:2: 187 daAuts
     D:7: 87 daAuts
  Temple: 34 daAuts
